 Dungeon Crawl Stone Soup version 0.29.1-2-gbd0b4ee654 (webtiles) character file.

Game seed: 7171868534052448896

11 warriortoast the Sneak (level 2, 0/13 HPs)
             Began as a Spriggan Enchanter on Nov 19, 2022.
             Slain by a bat (1 damage)
             ... on level 1 of the Dungeon.
             The game lasted 00:01:24 (430 turns).

warriortoast the Sneak (Spriggan Enchanter)          Turns: 430, Time: 00:01:25

Health: 0/13       AC:  2    Str:  4    XL:     2   Next: 17%
Magic:  6/6        EV: 17    Int: 16    God:
Gold:   0          SH:  0    Dex: 15    Spells: 6/6 levels left

rFire   . . .      SeeInvis +   e - +0 sling
rCold   . . .      Faith    .   (no shield)
rNeg    . . .      Spirit   .   b - +0 robe
rPois   .          Reflect  .   (helmet restricted)
rElec   .          Harm     .   (no cloak)
rCorr   .          Rampage  .   (gloves unavailable)
Will    .....                   (boots unavailable)
Stlth   +++.......              (no amulet)
HPRegen 0.04/turn               (no ring)
MPRegen 0.10/turn               (no ring)

@: very quick
A: very small, no large weapons, unfitting armour, see invisible, speed 3
a: no special abilities


You were on level 1 of the Dungeon.
You visited 1 branch of the dungeon, and saw 1 of its levels.

Inventory:

Hand Weapons
 a - a +1 dagger
 e - a +0 sling (weapon)
Armour
 b - a +0 robe (worn)
Potions
 c - 2 potions of invisibility
 d - a potion of lignification {unknown}
 f - a potion of heal wounds {unknown}


   Skills:
 + Level 1.4 Short Blades
 + Level 3.0 Dodging
 + Level 4.6 Stealth
 + Level 2.9 Spellcasting
 + Level 3.8 Hexes


You had 6 spell levels left.
You didn't know any spells.
Your spell library contained the following spells:

 Spells                   Type           Power      Damage    Failure   Level
 Confusing Touch          Hex            14%        N/A       12%         3
 Tukima's Dance           Hex            14%        N/A       12%         3
 Ensorcelled Hibernation  Hex/Ice        16%        N/A       13%         2
 Dazzling Flash           Conj/Hex       16%        N/A       26%         3


Dungeon Overview and Level Annotations

Branches:
Dungeon (1/15)

Altars:


Innate Abilities, Weirdness & Mutations

You are very small and have problems with some larger weapons.
You are too small for most types of armour.
You have supernaturally acute eyesight. (SInv)
You cover ground extremely quickly. (Speed+++)


Message History

The bat attacks as you move away! The bat closely misses you.
The bat hits you but does no damage. The bat hits you but does no damage.
The bat attacks as you move away! The bat barely misses you.
The bat misses you.
You are too injured to fight recklessly!
a - a +1 dagger (weapon)
You barely miss the bat. The bat hits you.
* * * LOW HITPOINT WARNING * * *
The bat closely misses you.
You barely miss the bat. The bat hits you.
* * * LOW HITPOINT WARNING * * *
You miss the bat. The bat closely misses you.
You closely miss the bat. The bat completely misses you.
The bat closely misses you. The bat attacks as you move away!
The bat closely misses you. The bat completely misses you.
The bat attacks as you move away! The bat closely misses you.
The bat hits you but does no damage. The bat completely misses you.
The bat closely misses you. The bat attacks as you move away!
The bat hits you but does no damage. The bat barely misses you.
e - a +0 sling (weapon)
The bat closely misses you.
Really attack while wielding your +0 sling? [Y]es or [N]o only, please.
Really attack while wielding your +0 sling? [Y]es or [N]o only, please.
Really attack while wielding your +0 sling?
Okay, then.
You are too injured to fight recklessly!
The bat closely misses you. The bat attacks as you move away!
The bat misses you. The bat closely misses you. The bat completely misses you.
The bat attacks as you move away! The bat hits you but does no damage.
The bat attacks as you move away! The bat completely misses you.
The bat hits you.
You die...

#.##.# #r# #.######.#.# #.##.#
#.# #.# #[# #.##.## #.# #.# #.#
#.##..# #.####.######.# ##
#.###.# #.............# .# #.#
#.# ######.#####..# # .#
#.###.###### #.# #..#.# .#
#........†.####.#####..#.#
.#######.###....@b..........#
≈.######.# #>.##########..###
§§.......# #..# #..# ≈.≈#######
#..##########..# ### ...###
#..............#####<#
≈§§§.#######.###########....##...
..§#.........# #.##.##[.#
≈.≈########### #.##.##.## ...#
#.##.##. #


You could see a bat.

Vanquished Creatures
  2 endoplasms (D:1)
  4 hobgoblins (D:1)
  A ball python (D:1)
  2 bats (D:1)
  A kobold (D:1)
10 creatures vanquished.

Notes
Turn   | Place    | Note
-------+----------+-------------------------------------------
     0 | D:1      | warriortoast the Spriggan Enchanter began the quest for the
                  | Orb.
     0 | D:1      | Reached XP level 1. HP: 9/9 MP: 5/5
   240 | D:1      | Reached XP level 2. HP: 12/13 MP: 6/6
   430 | D:1      | Slain by a bat

Illustrated notes

Levels and vault maps discovered:
D:1:      saegor_arrival_simple_a, layout_loops_ring, kennysheep_crisscross

Skill      XL: |  1  2 |
---------------+-------+-----
Dodging        | 3 |  3.0
Short Blades   | |  1.4
Stealth        | |  4.6
Spellcasting   | |  2.9
Hexes          | |  3.8

Action                   || total
-------------------------++-------
Melee: Dagger            ||    15
 Fire: Sling             ||    20
 Stab: Sleeping          ||     3
Armor: Robe              ||     9
Dodge: Dodged            ||    49
